 Dungeon Crawl Stone Soup version 0.20-a0-910-gb611367 (console) character file.

46 nht the Scratcher (level 3, -2/15 HPs)
             Began as a Felid Transmuter on Mar 23, 2017.
             Slain by Natasha (8 damage)
             ... on level 2 of the Dungeon.
             The game lasted 00:01:46 (1561 turns).

nht the Scratcher (Felid Transmuter)                Turns: 1561, Time: 00:01:46

Health: -2/15      AC:  1    Str:  6    XL:     3   Next: 46%
Magic:  4/7        EV: 18    Int: 15    God:
Gold:   52         SH:  0    Dex: 16    Spells: 2/6 levels left
                                        Lives:  0   Deaths: 0

rFire    . . .     SeeInvis +     - Unarmed
rCold    . . .     Gourm    .   (armour unavailable)
rNeg     . . .     Faith    .   (shield unavailable)
rPois    .         Spirit   .   (helmet unavailable)
rElec    .         Reflect  .   (cloak unavailable)
rCorr    .         Harm     .   (gloves unavailable)
MR       .....                  (boots unavailable)
Stlth    ++........             (no amulet)
Regen    0.1/turn               (no ring)
MPRegen  0.1/turn               (no ring)

@: very slightly contaminated, quick
A: no armour, no weapons or thrown items, stealth, claws 1, fangs 3, see
invisible, carnivore 3, speed 1, shaggy fur 1, slow metabolism 1, sharp paws
a: no special abilities


You were on level 2 of the Dungeon.
You were completely stuffed.

You visited 1 branch of the dungeon, and saw 2 of its levels.

You collected 52 gold pieces.

Inventory:

Missiles
 a - 38 arrows
Jewellery
 e - a cursed ring of teleportation
 m - an uncursed ring of teleportation
Scrolls
 d - 2 scrolls of remove curse
 g - a scroll of immolation {unknown}
 h - a scroll of fear {unknown}
 i - 2 scrolls of teleportation {unknown}
 k - a scroll of identify {unknown}
 q - a scroll of magic mapping {unknown}
Potions
 j - a potion of magic {unknown}
 n - a potion of curing {unknown}
 o - a potion of lignification {unknown}
 p - a potion of haste {unknown}
 r - a potion of agility {unknown}
 s - a potion of cancellation {unknown}
Books
 b - a book of Changes

   Spells                             Type                      Level
   a - Beastly Appendage              Transmutation                1
   b - Sticks to Snakes               Transmutation                2
   c - Spider Form                    Transmutation/Poison         3
   d - Ice Form                       Ice/Transmutation            4
   e - Blade Hands                    Transmutation                5
Comestibles
 c - 2 meat rations
 f - a royal jelly
 l - 5 chunks of flesh


   Skills:
 - Level 1.0 Fighting
 - Level 2.6 Dodging
 * Level 3.8 Unarmed Combat
 - Level 2.0 Spellcasting
 + Level 3.4 Transmutations


You had 2 spell levels left.
You knew the following spells:

 Your Spells              Type           Power        Failure   Level  Hunger
a - Beastly Appendage     Tmut           ##....       8%          1    #......
b - Spider Form           Tmut/Pois      #.........   34%         3    ###....


Dungeon Overview and Level Annotations

Branches:
Dungeon (2/15)

Altars:
Zin

Annotations:
D:2 Natasha


Innate Abilities, Weirdness & Mutations

You cannot wear armour.
You are incapable of wielding weapons or throwing items.
Your paws allow you to move quietly. (Stealth)
You have sharp claws.
You have razor-sharp teeth.
You have supernaturally acute eyesight. (SInv)
You are carnivorous and can eat meat at any time.
You cover ground quickly.
You are covered in fur. (AC +1)
You have a slow metabolism.
Your sharp claws are effective at attacking unaware monsters.


Message History

Natasha is nearby!
Natasha is nearby!
Casting: Spider Form
Confirm with . or Enter, or press ? or * to list all spells.
You miscast Spider Form.
You are very lightly contaminated with residual magic.
You feel weak for a moment.
You pounce on the unaware helpless Natasha!
You claw Natasha!
Natasha is heavily wounded.
Natasha completely misses you.
You scratch Natasha but do no damage. You bite Natasha.
Natasha is severely wounded.
Natasha claws you!
Ouch! That really hurt!
You barely miss Natasha.
Natasha is severely wounded.
Natasha claws you!
Ouch! That really hurt!
You die... █.█ █████████

█...))██ ██.█ ██
█.█.█.█. █%.█ .
█.....█. █.██ ██.
█.....█.
████.██████..
█.█.█.█.
█........██.█
█.....██
█..).....██.█
█.....██
█........██h█
█.█.█.██
█........██@█
██.%...██
█........██.█
█.█.....█.
███████████.██
██..█.█.█.██
█..████...█.....█.
██..██....█.....█.
██.██....█.█.█.█.
█.█...███.....██
█████>......█.....█
███.......███.█.█.█.█


You could see Natasha.

Vanquished Creatures
  An adder (D:2)
  2 dart slugs (D:1)
  2 leopard geckos
  A ball python (D:2)
  5 bats
  A giant cockroach (D:2)
  4 goblins
  5 hobgoblins
  2 frilled lizards (D:1)
  5 kobolds
  4 rats
32 creatures vanquished.

Notes
Turn   | Place    | Note
-------+----------+-------------------------------------------
     0 | D:1      | nht the Felid Transmuter began the quest for the Orb.
     0 | D:1      | Reached XP level 1. HP: 9/9 MP: 4/4
   439 | D:1      | Reached XP level 2. HP: 11/12 MP: 6/6
  1297 | D:2      | Reached XP level 3. HP: 13/15 MP: 7/7
  1302 | D:2      | Learned a level 3 spell: Spider Form
  1406 | D:2      | Found a glowing silver altar of Zin.
  1553 | D:2      | Noticed Natasha
  1561 | D:2      | Slain by Natasha

Vault maps used:
D:1:      scummos_arrival_star, supply_closet_lemuel, minivault_19
D:2:      columned_hall_lemuel, lemuel_statue_altar, uniq_natasha

Skill      XL: |  1  2 |
---------------+-------+-----
Transmutations | 3 |  3.4
Fighting       | |  1.0
Dodging        | |  2.6
Unarmed Combat | |  3.8
Spellcasting   | |  2.0

Action                   || total
-------------------------++-------
Melee: Unarmed           ||    85
       Punch             ||     1
       Bite              ||     2
 Cast: Spider Form       ||     3
  Use: Scroll            ||     1
 Stab: Sleeping          ||     5
  Eat: Chunk             ||     9
Armor: Skin              ||     4
Dodge: Dodged            ||    51
